 Dungeon Crawl Stone Soup version 0.28-a0-21-gf74fda84f9 (webtiles) character file.

Game seed: 1755180270431833082

6 tilp the Magician (level 1, 0/8 HPs)
             Began as a Felid Hedge Wizard on July 26, 2021.
             Slain by a hobgoblin (2 damage)
             ... on level 1 of the Dungeon.
             The game lasted 00:00:40 (451 turns).

tilp the Magician (Felid Hedge Wizard)               Turns: 451, Time: 00:00:40

Health: 0/8        AC:  1    Str:  6    XL:     1   Next: 75%
Magic:  1/5        EV: 17    Int: 15    God:
Gold:   0          SH:  0    Dex: 15    Spells: 5/6 levels left
                                        Lives:  0   Deaths: 0

rFire   . . .      SeeInvis +     - Unarmed
rCold   . . .      Faith    .   (shield unavailable)
rNeg    . . .      Spirit   .   (armour unavailable)
rPois   .          Reflect  .   (helmet unavailable)
rElec   .          Harm     .   (cloak unavailable)
rCorr   .          Rampage  .   (gloves unavailable)
Will    .....                   (boots unavailable)
Stlth   ++........              (no amulet)
HPRegen 0.02/turn               (no ring)
MPRegen 0.09/turn               (no ring)

@: quick
A: very small, claws 1, fangs 3, see invisible, speed 1, shaggy fur 1, stealthy
paws, no weapons or thrown items, no armour, multi-lived
a: no special abilities


You were on level 1 of the Dungeon.
You visited 1 branch of the dungeon, and saw 1 of its levels.

Inventory:

Potions
 a - 2 potions of flight {unknown}


   Skills:
 + Level 0.6 Fighting
 - Level 2.6 Dodging
 - Level 2.6 Stealth
 * Level 1.0 Unarmed Combat
 - Level 3.0 Spellcasting
 - Level 0.8 Conjurations
 - Level 1.0 Summonings
 - Level 1.5 Translocations


You had 5 spell levels left.
You knew the following spells:

 Your Spells              Type           Power      Damage    Failure   Level
a - Magic Dart            Conj           16%        1d3       14%         1

Your spell library contained the following spells:

 Spells                   Type           Power      Damage    Failure   Level
 Blink                    Tloc           N/A        N/A       16%         2
 Call Imp                 Summ           5%         N/A       21%         2
 Slow                     Hex            2%         N/A       30%         2
 Conjure Flame            Conj/Fire      3%         6-21      45%         3
 Mephitic Cloud           Conj/Pois/Air  3%         N/A       47%         3


Dungeon Overview and Level Annotations

Branches:
Dungeon (1/15)

Altars:


Innate Abilities, Weirdness & Mutations

You have sharp claws.
You have razor-sharp teeth.
You have supernaturally acute eyesight. (SInv)
You cover ground quickly. (Speed+)
You are covered in fur. (AC +1)
Your paws help you pounce on unaware monsters.
You are incapable of wielding weapons or throwing items.
You cannot wear armour.
You gain extra lives every three experience levels.


Message History

You scratch the hobgoblin but do no damage.
You bite the hobgoblin, but do no damage.
The hobgoblin is moderately wounded.
The hobgoblin closely misses you.
You scratch the hobgoblin but do no damage.
The hobgoblin is moderately wounded.
The hobgoblin hits you.
You scratch the hobgoblin but do no damage.
The hobgoblin is moderately wounded.
The hobgoblin barely misses you.
You scratch the hobgoblin but do no damage.
The hobgoblin is moderately wounded.
The hobgoblin misses you.
You closely miss the hobgoblin.
The hobgoblin is moderately wounded.
The hobgoblin closely misses you.
You scratch the hobgoblin but do no damage.
The hobgoblin is moderately wounded.
The hobgoblin closely misses you.
You scratch the hobgoblin.
The hobgoblin is heavily wounded.
The hobgoblin closely misses you.
You scratch the hobgoblin but do no damage.
The hobgoblin is heavily wounded.
The hobgoblin barely misses you.
You closely miss the hobgoblin.
The hobgoblin is heavily wounded.
The hobgoblin completely misses you.
You closely miss the hobgoblin.
The hobgoblin is heavily wounded.
The hobgoblin hits you.
Ouch! That really hurt!
* * * LOW HITPOINT WARNING * * *
You closely miss the hobgoblin.
The hobgoblin is heavily wounded.
The hobgoblin barely misses you.
You scratch the hobgoblin but do no damage.
The hobgoblin is heavily wounded.
The hobgoblin hits you.
You die...

#.....####
#.#.#########
###.#..........###
#..................
#.##...............
#.#+...)...........
#.##...............
#.##..............)
#.@gr..............
####.........r.....
#.........†.....
####†..............
#..................
#.....###########..
#.....# . #.....#
#.....#


You could see a hobgoblin and a rat.

Vanquished Creatures
  A bat (D:1)
  2 kobolds (D:1)
  2 frilled lizards (D:1)
  2 rats (D:1)
7 creatures vanquished.

Notes
Turn   | Place    | Note
-------+----------+-------------------------------------------
     0 | D:1      | tilp the Felid Hedge Wizard began the quest for the Orb.
     0 | D:1      | Reached XP level 1. HP: 7/7 MP: 5/5
   389 | D:1      | Reached skill level 1 in Unarmed Combat
   451 | D:1      | Slain by a hobgoblin

Illustrated notes

Levels and vault maps discovered:
D:1:      lightli_arrival_flooded_house, layout_basic,
          shapermc_ecumenical_altar_gd

Skill      XL: |  1 |
---------------+----+-----
Unarmed Combat | 1 |  1.0
Fighting       | |  0.6
Dodging        | |  2.6
Stealth        | |  2.6
Spellcasting   | |  3.0
Conjurations   | |  0.8
Summonings     | |  1.0
Translocations | |  1.5

Action                   || total
-------------------------++-------
Melee: Unarmed           ||    18
       Bite              ||     1
 Cast: Magic Dart        ||    15
Armor: Skin              ||     3
Dodge: Dodged            ||    13

Table legend: (Time is in decaauts)
 A = Elapsed time spent in this place.
 B = Non-inter-level travel time spent in this place.
 C = Inter-level travel time spent in this place.
 D = Time resting spent in this place.
 E = Time spent auto-exploring this place.
 F = Levels seen in this place.
 G = Mean time per level.
                   A        B        C        D        E       F      G
               +--------+--------+--------+--------+--------+-----+--------+
         Total |    427 |    427 |      0 |    270 |     97 |   1 |  427.0 |
       Dungeon |    427 |    427 |      0 |    270 |     97 |   1 |  427.0 |
               +--------+--------+--------+--------+--------+-----+--------+

Top non-repeatable levels by time:
     D:1: 427 daAuts
